Map: Bel'Shir Vestige LE (Void)

Players

Loken - Winner!

  • Race: Protoss Protoss
  • League: Platinum
  • Spawn Location: 5:00

Fimp

  • Race: Terran Terran
  • Spawn Location: 11:00

VOD

Have the link to the VOD?

Description

Time

  • Played on: April 10, 2017, 4:58 p.m.
  • Length: 13:27
Show
View Real Time Build Order
Export as new Build Order

Loken Protoss - Winner!

Build Orders: 1 Gate Expand, Double Forge 

Get SALT Encoding   

  12  0:01  Probe (Chrono Boost)  
  13  0:12  Probe (Chrono Boost)  
  14  0:19  Pylon  
  14  0:23  Probe (Chrono Boost)  
  15  0:37  Probe (Chrono Boost)  
  15  0:40  Gateway  
  16  0:48  Probe (Chrono Boost)  
  17  0:52  Assimilator  
  17  0:58  Probe (Chrono Boost)  
  18  1:12  Probe (Chrono Boost)  
  19  1:33  Nexus  
  19  1:39  Probe (Chrono Boost)  
  20  1:41  Cybernetics Core  
  20  1:48  Assimilator  
  20  1:50  Probe (Chrono Boost)  
  20  1:52  Pylon  
  22  2:01  Probe (Chrono Boost)  
  23  2:18  Mothership Core (Chrono Boost)  
  23  2:21  Warp Gate  
  24  2:32  Stalker  
  24  2:36  Probe (Chrono Boost)  
  27  2:47  Probe (Chrono Boost)  
  27  2:49  Probe (Chrono Boost)  
  29  2:58  Probe (Chrono Boost)  
  30  3:00  Robotics Facility, Probe (Chrono Boost)  
  30  3:03  Gateway  
  30  3:05  Gateway  
  31  3:12  Gateway  
  31  3:15  Probe (Chrono Boost)  
  32  3:20  Probe (Chrono Boost)  
  32  3:25  Probe (Chrono Boost)  
  34  3:30  Assimilator, Probe (Chrono Boost)  
  34  3:32  Assimilator  
  35  3:36  Probe (Chrono Boost)  
  37  3:41  Probe (Chrono Boost)  
  37  3:42  Forge  
  37  3:50  Observer  
  37  3:54  Forge  
  38  3:56  Probe (Chrono Boost)  
  38  3:59  Probe (Chrono Boost)  
  40  4:06  Probe (Chrono Boost)  
  42  4:10  Probe (Chrono Boost)  
  42  4:11  Twilight Council  
  42  4:16  Gateway  
  43  4:17  Probe (Chrono Boost)  
  43  4:20  Protoss Ground Weapons Level 1  
  43  4:30  Pylon  
  43  4:33  Stalker  
  45  4:39  Protoss Ground Armor Level 1  
  45  4:43  Observer  
  46  4:52  Stalker x3  
  52  4:57  Pylon  
  52  5:01  Pylon  
  52  5:03  Pylon  
  52  5:05  Probe (Chrono Boost)  
  53  5:07  Probe (Chrono Boost)  
  54  5:15  Probe (Chrono Boost)  
  54  5:18  Probe (Chrono Boost)  
  54  5:19  Charge  
  56  5:22  Zealot x3  
  62  5:29  Observer  
  62  5:35  Probe (Chrono Boost)  
  64  5:37  Probe (Chrono Boost)  
  65  5:46  Probe (Chrono Boost)  
  65  5:47  Pylon  
  65  5:48  Pylon, Probe (Chrono Boost)  
  65  5:49  Zealot x2  
  71  5:50  Zealot  
  71  5:55  Warp Prism  
  75  6:13  Zealot x3  
  75  6:14  Zealot x2  
  85  6:19  Probe (Chrono Boost)  
  85  6:20  Probe (Chrono Boost)  
  87  6:26  Dark Shrine  
  87  6:29  Probe (Chrono Boost)  
  87  6:30  Probe (Chrono Boost)  
  89  6:32  Photon Cannon  
  89  6:46  Protoss Ground Weapons Level 2  
  89  6:47  Protoss Ground Armor Level 2  
  89  6:52  Probe (Chrono Boost)  
  90  7:02  Probe (Chrono Boost)  
  90  7:05  Nexus  
  91  7:17  Photon Cannon  
  91  7:19  Photon Cannon  
  91  7:23  Photon Cannon  
  91  7:31  Pylon  
  91  7:34  Pylon x2  
  91  7:35  Pylon  
  91  7:37  Pylon  
  90  7:45  Dark Templar x2  
  92  8:12  Stalker x2  
  94  8:13  Stalker  
  96  8:21  Gateway x2  
  96  8:22  Gateway  
  96  8:23  Gateway  
  96  8:26  Gateway  
  96  8:28  Gateway  
  96  8:31  Pylon  
  96  8:32  Pylon  
  96  8:33  Pylon  
  96  8:37  Probe x3 (Chrono Boost)  
  99  8:47  Probe (Chrono Boost)  
  99  8:48  Probe (Chrono Boost)  
  101  8:53  Stargate x2  
  101  8:56  Stargate  
  101  8:57  Zealot  
  101  8:58  Zealot x3  
  108  9:07  Protoss Ground Armor Level 3  
  108  9:10  Protoss Ground Weapons Level 3  
  108  9:24  Dark Templar x3  
  108  9:25  Dark Templar  
  114  9:44  Dark Templar x3  
  119  10:06  Dark Templar  
  119  10:07  Dark Templar x2  
  120  10:17  Probe x3 (Chrono Boost)  
  116  10:28  Probe x2 (Chrono Boost)  
  91  10:35  Zealot x3  
  79  10:36  Zealot x5  
  93  10:49  Photon Cannon  
  93  11:05  Dark Templar x2  
  93  11:06  Nexus  
  89  11:38  Zealot x4  
  89  11:39  Zealot x6  
  109  11:40  Zealot  
  109  11:46  Void Ray x3  
  121  11:49  Probe x2 (Chrono Boost)  
  121  11:50  Probe (Chrono Boost)  
  121  11:53  Pylon  
  124  12:00  Probe x3 (Chrono Boost)  
  125  12:06  Stalker x2  
  125  12:07  Stalker x3  
  135  12:29  Void Ray x2  
  143  12:35  Photon Cannon  
  143  12:38  Photon Cannon  
  138  13:10  Dark Templar x4  
Show
View Real Time Build Order
Export as new Build Order

Fimp Terran 

Build Orders: MMM Bio 

Get SALT Encoding   

  12  0:01  SCV  
  13  0:13  SCV  
  14  0:18  Supply Depot  
  14  0:25  SCV  
  15  0:39  SCV  
  15  0:41  Barracks  
  16  1:00  SCV  
  17  1:08  Refinery  
  17  1:14  SCV  
  17  1:16  Supply Depot  
  18  1:28  Orbital Command  
  18  1:34  Marine  
  19  1:47  Command Center  
  19  2:11  SCV  
  19  2:15  Barracks Tech Lab  
  20  2:16  Barracks  
  20  2:23  SCV  
  21  2:31  Factory  
  21  2:33  Refinery  
  21  2:36  Marine  
  22  2:39  SCV  
  23  2:52  SCV  
  23  2:56  Marine  
  25  2:59  Stimpack  
  25  3:16  Barracks Tech Lab  
  25  3:21  Factory Reactor  
  25  3:30  Starport  
  25  3:35  Barracks Reactor  
  25  3:38  Marine  
  25  3:40  Orbital Command  
  26  3:43  SCV  
  27  3:48  Barracks  
  27  4:00  Bunker  
  27  4:01  SCV  
  28  4:07  Marine  
  29  4:17  SCV  
  29  4:18  SCV, Factory Tech Lab  
  29  4:19  Engineering Bay  
  31  4:25  Marine x3  
  31  4:27  Medivac x2  
  31  4:31  Bunker  
  38  4:34  SCV  
  38  4:35  SCV  
  40  4:40  Barracks Reactor  
  40  4:43  Marine  
  41  4:47  Marine x2  
  41  4:49  SCV  
  41  4:50  SCV  
  45  4:53  Supply Depot  
  45  5:06  SCV  
  46  5:15  SCV, Marine x3, Siege Tank  
  46  5:16  Terran Infantry Weapons Level 1  
  46  5:19  SCV  
  54  5:22  Supply Depot  
  54  5:25  Missile Turret  
  54  5:37  Supply Depot  
  54  5:38  Missile Turret  
  54  5:44  SCV x2, Marine x4  
  54  5:46  Marine  
  61  5:58  Siege Tank  
  61  5:59  Medivac  
  61  6:04  Marine x4  
  67  6:08  Supply Depot  
  67  6:10  Supply Depot  
  70  6:29  Marine x5  
  70  6:30  SCV, Medivac  
  70  6:32  SCV  
  79  6:45  SCV x2  
  81  6:49  Refinery  
  81  6:51  Refinery, Marine x5  
  86  7:09  Combat Shields  
  86  7:26  Supply Depot  
  86  7:27  Supply Depot  
  86  7:48  Marine x5, Siege Tank  
  86  7:49  SCV x2, Medivac, Supply Depot  
  91  8:18  Missile Turret  
  91  8:19  SCV  
  92  8:20  SCV  
  92  8:27  Marine x5  
  92  8:28  Siege Tank  
  92  8:29  Medivac x2  
  92  8:31  SCV  
  105  8:36  Command Center  
  105  8:44  Marine  
  105  8:45  SCV x2, Marine x2  
  110  8:59  Supply Depot  
  110  9:01  Supply Depot  
  110  9:06  Command Center  
  110  9:20  SCV x2, Marine x2  
  110  9:22  Marine x3  
  110  9:23  Siege Tank  
  110  9:24  Medivac x2  
  124  9:35  SCV x2  
  122  9:57  Marine x3  
  122  9:58  Marine x2  
  122  9:59  Medivac x2, Siege Tank  
  124  10:15  Marine x2  
  124  10:16  Marine x3  
  113  10:33  Marine x2, Siege Tank  
  113  10:34  Marine x3  
  122  10:37  SCV x2  
  124  10:47  Viking x2  
  124  10:51  Marine  
  121  11:10  Marine x4  
  121  11:11  Marine  
  106  11:28  Marine x5  
  98  11:57  Marine x4  
  98  11:58  Marine  
  98  11:59  Siege Tank  
  106  12:09  Missile Turret  
  106  12:15  Marine x5  
  111  12:32  Marine  
  111  12:33  Marine x4  
  116  12:50  Marine  
  116  12:51  Marine x4  
  117  12:53  Siege Tank  
  117  12:54  Medivac  
  126  13:00  Command Center  
  126  13:03  Supply Depot  
  126  13:04  Supply Depot  
Tags
 
Add a new tag
Caveats
  • Supply blocks, unpowered buildings, or Contaminate may cause inaccurate times.
  • Supply counts are checked every 10 seconds.